 Dungeon Crawl Stone Soup version 0.20.1-1-g8b1a95d (webtiles) character file.

48 Mesmaeker13 the Charmwright (level 3, -7/29 HPs)
             Began as a Demigod Skald on Aug 12, 2017.
             Killed by divine providence
             ... invoked by an orc priest
              (10 damage)
             ... on level 3 of the Dungeon.
             The game lasted 00:03:08 (1831 turns).

Mesmaeker13 the Charmwright (Demigod Skald)         Turns: 1831, Time: 00:03:09

Health: -7/29      AC:  6    Str: 14 (16) XL:     3   Next: 30%
Magic:  8/8        EV: 10    Int: 15 (17) God:
Gold:   101        SH:  0    Dex: 14 (15) Spells: 3/6 levels left

rFire    . . .     SeeInvis .   b - +4 quarterstaff
rCold    . . .     Gourm    .   (shield currently unavailable)
rNeg     . . .     Faith    .   f - +0 scale mail
rPois    .         Spirit   .   (no helmet)
rElec    .         Reflect  .   (no cloak)
rCorr    .         Harm     .   (no gloves)
MR       .....                  (no boots)
Stlth    ..........             (no amulet)
Regen    0.1/turn               (no ring)
MPRegen  0.2/turn               (no ring)

@: hasted, very quick
A: high mp 1
a: no special abilities


You were on level 3 of the Dungeon.
You were not hungry.

You visited 1 branch of the dungeon, and saw 3 of its levels.

You collected 101 gold pieces.

Inventory:

Hand Weapons
 b - a +4 quarterstaff (weapon)
Missiles
 n - 32 stones (quivered)
Armour
 f - a +0 scale mail (worn)
 k - a +0 buckler
Wands
 i - a wand of disintegration (10/24)
Scrolls
 g - 2 scrolls of remove curse
 h - a scroll of immolation
Potions
 a - a potion of degeneration
 l - 2 potions of heal wounds {unknown}
Books
 c - a book of Battle

   Spells                             Type                      Level
   a - Infusion                       Charms                       1
   b - Shroud of Golubria             Charms/Translocation         2
   c - Song of Slaying                Charms                       2
   d - Spectral Weapon                Hexes/Charms                 3
   e - Regeneration                   Charms/Necromancy            3
Comestibles
 d - 5 bread rations
 m - 9 fruits


   Skills:
 - Level 1.7 Fighting
   Level 2.1(2.2) Polearms
 + Level 0.6(1.5) Staves
 + Level 1.9 Armour
 - Level 2.0 Dodging
 - Level 2.0 Spellcasting
 + Level 2.9 Charms


You had 3 spell levels left.
You knew the following spells:

 Your Spells              Type           Power        Failure   Level  Hunger
a - Infusion              Chrm           ##..         28%         1    #......
b - Song of Slaying       Chrm           ##......     38%         2    ###....


Dungeon Overview and Level Annotations

Branches:
Dungeon (3/15)


Innate Abilities, Weirdness & Mutations

You have an increased reservoir of magic. (+10% MP)


Message History

As you read the scroll labeled VAEFFOVOSA, it crumbles to dust.
It is a scroll of amnesia.
Forget which spell ([?*] list [ESC] exit)?
Forget which spell ([?*] list [ESC] exit)?
Okay, then.
The orc hits you with a hand axe.
A magic dart appears from out of thin air!
The magic dart hits you!
* * * LOW HITPOINT WARNING * * *
Unknown command.
It was a potion of degeneration.
There was something very wrong with that liquid.
You feel weakened.
You feel dopey.
You feel clumsy. The orc closely misses you.
It was a potion of haste.
You feel yourself speed up. The orc hits you with a hand axe.
* * * LOW HITPOINT WARNING * * *
The orc priest mumbles some strange prayers to Beogh against you.
Beogh smites you!
You die...

##....####
#.# ......#
#.# ......#
#.# ......#
#o# ..#...#
#.# ..#####
#o# ### #.#
# #g##### #
#oo@).# #
#####......
# o.... #
.... # )..
# .. .


You could see an orc priest, 2 orcs and a goblin.

Vanquished Creatures
  2 adders (D:2)
  A dart slug (D:2)
  An orc (D:3)
  3 bats
  2 goblins
  6 hobgoblins
  5 frilled lizards
  2 kobolds
  6 rats
28 creatures vanquished.

Notes
Turn   | Place    | Note
-------+----------+-------------------------------------------
     0 | D:1      | Mesmaeker13 the Demigod Skald began the quest for the Orb.
     0 | D:1      | Reached XP level 1. HP: 17/17 MP: 5/5
    75 | D:1      | Reached skill level 1 in Armour
   283 | D:1      | Reached XP level 2. HP: 5/24 MP: 2/7
   663 | D:2      | Learned a level 2 spell: Song of Slaying
  1168 | D:2      | Found a shimmering altar of Xom.
  1224 | D:2      | Found a blossoming altar of Fedhas.
  1308 | D:2      | Reached XP level 3. HP: 27/29 MP: 4/8
  1763 | D:3      | Found a shattered altar of Ashenzari.
  1767 | D:3      | Found a stormy altar of Qazlal.
  1831 | D:3      | Killed from afar by an orc priest

Skill      XL: |  1  2 |
---------------+-------+-----
Armour         | 1 |  1.9
Dodging        | 2 |  2.0
Polearms       | 2 |  2.1
Spellcasting   | 2 |  2.0
Fighting       | |  1.7
Staves         | |  0.6
Charms         | |  2.9

Action                   || total
-------------------------++-------
Melee: Spear             ||    69
       Quarterstaff      ||    25
 Cast: Infusion          ||     6
  Use: Scroll            ||     3
       Potion            ||     2
  Eat: Chunk             ||     3
Armor: Leather armour    ||    16
       Scale mail        ||    21
Dodge: Dodged            ||    61
